 Dungeon Crawl Stone Soup version 0.25-a0-310-g60f0ac2d9a (webtiles) character file.

Game seed: 6838191615145023094, levelgen mode: deterministic

906 Lanoc the Poker (level 7, -3/70 HPs)
             Began as a Troll Abyssal Knight on Dec 23, 2019.
             Was an Elder of Lugonu.
             Slain by a wraith (10 damage)
             ... in an ossuary.
             The game lasted 00:13:53 (3842 turns).

Lanoc the Poker (Troll Abyssal Knight)              Turns: 3842, Time: 00:13:53

Health: -3/70      AC:  8    Str: 26    XL:     7   Next: 81%
Magic:  8/8        EV: 11    Int:  8    God:    Lugonu [****..]
Gold:   250        SH:  0    Dex: 11    Spells: 6/6 levels left

rFire    . . .     SeeInvis .   a - +2 spear
rCold    . . .     Gourm    +   (no shield)
rNeg     . . .     Faith    .   b - +1 robe
rPois    .         Spirit   .   (helmet restricted)
rElec    .         Reflect  .   x - +0 cloak (curse)
rCorr    .         Harm     .   (gloves unavailable)
MR       .....                  (boots unavailable)
Stlth    ++........             (no amulet)
HPRegen  0.61/turn              h - ring of stealth
MPRegen  0.11/turn              (no ring)

@: mighty, slowed, lightly drained, very slow
A: large, unfitting armour, claws 3, fast metabolism 3, gourmand, regeneration
1, shaggy fur 1, tough skin 3
a: Depart the Abyss, Bend Space, Banish, Corrupt, Renounce Religion


You were in an ossuary.
You worshipped Lugonu.
Lugonu was greatly pleased with you.
You were not hungry.

You visited 1 branch of the dungeon, and saw 5 of its levels.
You visited the Abyss 1 time.
You also visited: Sewer and Ossuary.

You collected 250 gold pieces.

Inventory:

Hand Weapons
 a - a +2 spear (weapon)
Missiles
 k - 3 atropa-tipped darts (quivered)
Armour
 b - a +1 robe (worn)
 g - a +0 shield
 x - a cursed +0 cloak (worn)
Jewellery
 h - a ring of stealth (left claw)
Wands
 B - a wand of paralysis (2)
 C - a wand of flame (19)
Scrolls
 d - a scroll of magic mapping {unknown}
 f - 3 scrolls of teleportation
 i - a scroll of enchant weapon
 q - 2 scrolls of remove curse
 t - a scroll of noise {unknown}
 v - a scroll of immolation {unknown}
 w - 4 scrolls of identify
 y - a scroll of blinking {unknown}
 A - a scroll of amnesia {unknown}
Potions
 e - 2 potions of lignification
 j - 3 potions of heal wounds {unknown}
 l - 3 potions of brilliance
 m - a potion of invisibility
 n - a potion of haste
 o - a potion of agility
 p - 4 potions of curing
 s - 3 potions of might
 u - a potion of resistance {unknown}
 z - 2 potions of degeneration {unknown}
Comestibles
 c - 12 rations


   Skills:
 + Level 4.0 Fighting
 * Level 5.0(4.9) Polearms
 + Level 3.7 Dodging
 + Level 3.8(3.7) Invocations


You had 6 spell levels left.
You didn't know any spells.
Your spell library contained the following spells:

 Spells                   Type           Power        Failure   Level  Hunger
 Beastly Appendage        Tmut           #.....       41%         1    ##.....
 Sticks to Snakes         Tmut           #.......     54%         2    ###....
 Spider Form              Tmut/Pois      #.........   78%         3    ####...
 Ice Form                 Ice/Tmut       #.......     99%         4    #####..
 Blade Hands              Tmut           #.........   100%        5    ######.


Dungeon Overview and Level Annotations

Branches:
Dungeon (5/15)              Sewer (visited)         Ossuary (1/1)
 Temple: D:4-7

Altars:
Ashenzari

Shops:
D:4 :


Innate Abilities, Weirdness & Mutations

You are too large for most types of armour.
You have claws for hands.
Your metabolism is lightning-fast.
You like to eat raw meat.
Your natural rate of healing is unusually fast.
You are covered in fur. (AC +1)
You have extremely tough skin. (AC +3)


Message History

The wraith is severely damaged.
The wraith closely misses you. The wraith hits you!
* * * LOW HITPOINT WARNING * * *
The wraith drains your vigour!
You feel as though you will be slow longer.
You barely miss the wraith.
The wraith is severely damaged.
The wraith hits you!
* * * LOW HITPOINT WARNING * * *
The wraith drains your vigour!
You feel as though you will be slow longer.
You puncture the wraith!
The wraith is almost destroyed.
The wraith barely misses you.
You completely miss the wraith.
The wraith is almost destroyed.
The wraith hits you.
* * * LOW HITPOINT WARNING * * *
The wraith hits you!
You die...

#...............# #z# #.....#
#.###.......###.###▓#####.8.8.#
#.#z#.......# #.'.....'.......'
#.###.......###.###▓#####.8.8.#
#...............# #W# #.....#
#.###..###..###.# ### #######
#.#.#..#z#..#.#.#
#.'##..###..##W.#
#.............@.#
#################


You could see a wraith.

Vanquished Creatures
  A wraith (Ossuary)
  A centaur (D:5)
  A big kobold (Sewer)
  A scorpion (D:4)
  2 wights (Ossuary)
  An orc priest (D:4)
  A bullfrog skeleton (D:4)
  6 worker ants
  2 hound skeletons
  3 gnolls (D:3)
  4 adders
  A shadow imp (D:5)
  3 adder zombies
  An ooze (D:1)
  An adder skeleton (D:4)
  4 worms
  3 dart slugs
  2 leopard geckos
  10 orcs
  3 ball pythons
  3 bat skeletons (D:5)
  8 giant cockroaches
  6 goblins
  14 hobgoblins
  4 jackals (D:4)
  3 quokkas
  A ball python skeleton (Ossuary)
  15 bats
  3 frilled lizards
  3 hobgoblin skeletons (Ossuary)
  A hobgoblin zombie (Ossuary)
  A jackal skeleton (D:5)
  18 kobolds
  2 kobold zombies (Ossuary)
  A quokka skeleton (D:5)
  11 rats
145 creatures vanquished.

Notes
Turn   | Place    | Note
-------+----------+-------------------------------------------
     0 | Abyss:1  | Lanoc the Troll Abyssal Knight began the quest for the Orb.
     0 | Abyss:1  | Reached XP level 1. HP: 22/22 MP: 1/1
    39 | Abyss:1  | Found a viscous altar of Jiyva.
    69 | Abyss:1  | Noticed a large abomination
    72 | Abyss:1  | Noticed a freezing wraith
    73 | Abyss:1  | Noticed a starcursed mass
    76 | D:1      | Escaped the Abyss
   220 | D:1      | Reached XP level 2. HP: 29/29 MP: 2/2
   283 | D:1      | Reached * piety under Lugonu
   379 | D:1      | Reached skill level 2 in Polearms
   829 | D:2      | Reached XP level 3. HP: 36/36 MP: 3/3
  1055 | D:2      | Reached XP level 4. HP: 44/44 MP: 4/4
  1315 | D:2      | Reached ** piety under Lugonu
  1582 | D:3      | Reached skill level 3 in Polearms
  1588 | D:3      | Reached XP level 5. HP: 23/53 MP: 5/5
  1772 | D:3      | Found a shattered altar of Ashenzari.
  2115 | D:3      | Found a glowing drain.
  2141 | Sewer    | Entered a sewer
  2300 | Sewer    | Reached *** piety under Lugonu
  2515 | D:4      | Reached XP level 6. HP: 56/61 MP: 7/7
  2601 | D:4      | Found Ydaa's Book Shop.
  2824 | D:4      | Reached skill level 4 in Polearms
  3163 | D:5      | Entered Level 5 of the Dungeon
  3208 | D:5      | Reached XP level 7. HP: 16/68 MP: 8/8
  3316 | D:5      | Reached **** piety under Lugonu
  3327 | D:5      | Found a sand-covered staircase.
  3380 | Ossuary  | Entered an ossuary
  3655 | Ossuary  | Noticed a flying skull
  3655 | Ossuary  | Noticed a wraith
  3664 | Ossuary  | Noticed a flying skull
  3666 | Ossuary  | Noticed a flying skull
  3704 | Ossuary  | Noticed a flying skull
  3713 | Ossuary  | Noticed a wraith
  3736 | Ossuary  | Killed a wraith
  3736 | Ossuary  | Reached skill level 5 in Polearms
  3828 | Ossuary  | Noticed a wraith
  3842 | Ossuary  | Slain by a wraith

Levels and vault maps discovered:
D:1:      dpeg_arrival_yet_another_circle, layout_basic, minivault_11
D:2:      layout_basic, minmay_tromino_v4_a
D:3:      layout_basic, old_standard_altar, cheibrodos_sewer_entry_bend
D:4:      layout_basic, serial_shops, shop
D:5:      layout_rooms, kennysheep_vampire_church,
          nicolae_ossuary_entry_monument, first_ration, small_statue_alley_b,
          nemelex_dance_club_becter
Ossuary:  ossuary_due_cavern

Skill      XL: |  1  2  3  4  5  6  7 |
---------------+----------------------+-----
Dodging        | 2 3 |  3.7
Polearms       | 2 3 4 5 |  5.0
Invocations    | 2 3 |  3.8
Fighting       | 3 4 |  4.0

Action                   |  1- 3 |  4- 6 |  7- 9 || total
-------------------------+-------+-------+-------++-------
Melee: Spear             |   128 |   318 |   141 ||   587
Invok: Depart the Abyss  |     1 |       |       ||     1
       Bend Space        |       |       |     1 ||     1
  Use: Scroll            |       |     6 |       ||     6
       Potion            |       |     2 |     8 ||    10
 Stab: Sleeping          |     6 |    12 |     7 ||    25
  Eat: Chunk             |    15 |    15 |     6 ||    36
Armor: Robe              |    39 |    97 |    39 ||   175
Dodge: Dodged            |    44 |   126 |    64 ||   234

Table legend:
 A = Non-vault XP
 B = Vault XP
 C = Vault XP percentage of total XP
 D = Non-vault monster count
 E = Vault monster count
 F = Vault count percentage of total count
                 A         B        C        D         E       F
            +---------+---------+-------+---------+---------+-------
      Total |     785 |     510 |  39.4 |     101 |      44 |  30.3
            +---------+---------+-------+---------+---------+-------
        D:1 |      36 |       0 |   0.0 |      18 |       0 |   0.0
        D:2 |     106 |      13 |  10.9 |      30 |       4 |  11.8
        D:3 |      79 |       5 |   6.0 |      18 |       1 |   5.3
        D:4 |     343 |       0 |   0.0 |      21 |       0 |   0.0
        D:5 |     221 |       6 |   2.6 |      14 |       3 |  17.6
      Sewer |       0 |     130 | 100.0 |       0 |      24 | 100.0
    Ossuary |       0 |     356 | 100.0 |       0 |      12 | 100.0
            +---------+---------+-------+---------+---------+-------
